General information
- name: BNet
- type: Ladder team game (AT/RT)
- host: Battle.net
- saver: St[a]rSpangled
map: GolemsInTheMist
- players: 8
- length: 36:57
- speed: Fast
- version: 1.26 W3XP
- replay type: Public
» download(183 KB)
Players
team 1 (winner)
St[a]rSpangled (
red | 94 APM | 3490 actions | 36:57)
7 Archmage
3 Summon Water Elemental
3 Brilliance Aura
1 Mass Teleport
» actions
| Assign group hotkey | 115 | |
| Basic commands | 382 | |
| Build / train | 94 | |
| Enter build submenu | 49 | |
| Enter hero's abilities submenu | 7 | |
| Give item / drop item | 2 | |
| Remove unit from queue | 8 | |
| Right click | 957 | |
| Select / deselect | 547 | |
| Select group hotkey | 1153 | |
| Use ability | 176 | |
3490 total
» units
| Peasant | 12 | |
| Footman | 5 | |
| Goblin Shredder | 2 | |
| Dragonhawk Rider | 3 | |
| Goblin Sapper | 1 | |
| Gryphon Rider | 7 | |
30 total
» upgrades
| Masonry | 3 | |
| Storm Hammers | 1 | |
| Magic Sentry | 1 | |
| Priest Training | 2 | |
| Cloud | 1 | |
| Swords | 3 | |
| Armor | 3 | |
| Animal War Training | 1 | |
15 total
» buildings
| Altar of Kings | 1 | |
| Barracks | 2 | |
| Farm | 13 | |
| Arcane Vault | 2 | |
| Keep | 1 | |
| Lumber Mill | 2 | |
| Town Hall | 4 | |
| Scout Tower | 24 | |
| Guard Tower | 10 | |
| Castle | 1 | |
| Arcane Tower | 2 | |
| Gryphon Aviary | 6 | |
| Arcane Sanctum | 1 | |
| Blacksmith | 2 | |
71 total
» build order
00:49 Altar of Kings
00:51 Barracks
01:02 Barracks
01:07 Farm
01:09 Farm
01:31 Farm
02:52 Farm
02:55 Farm
03:01 Arcane Vault
03:45 Farm
04:29 Keep
04:39 Farm
04:41 Lumber Mill
06:31 Town Hall
06:43 Scout Tower
06:44 Scout Tower
06:46 Scout Tower
06:47 Scout Tower
06:50 Scout Tower
06:51 Scout Tower
07:45 Guard Tower
08:10 Town Hall
08:12 Scout Tower
08:12 Scout Tower
08:12 Scout Tower
08:13 Scout Tower
08:13 Scout Tower
08:18 Scout Tower
08:23 Guard Tower
08:26 Scout Tower
08:27 Scout Tower
08:27 Scout Tower
08:28 Scout Tower
08:30 Scout Tower
08:30 Scout Tower
08:31 Scout Tower
08:45 Guard Tower
08:51 Castle
09:17 Guard Tower
09:59 Guard Tower
10:04 Arcane Tower
10:05 Guard Tower
10:16 Gryphon Aviary
10:16 Gryphon Aviary
10:19 Gryphon Aviary
10:21 Gryphon Aviary
10:24 Gryphon Aviary
10:28 Lumber Mill
10:42 Arcane Sanctum
10:51 Arcane Tower
11:43 Gryphon Aviary
12:14 Scout Tower
12:15 Scout Tower
12:16 Scout Tower
12:17 Scout Tower
12:17 Scout Tower
13:11 Guard Tower
13:11 Guard Tower
13:24 Blacksmith
13:25 Blacksmith
13:28 Guard Tower
14:04 Guard Tower
15:05 Farm
15:09 Farm
15:10 Farm
15:10 Farm
15:12 Farm
15:12 Farm
16:08 Arcane Vault
25:18 Town Hall
29:35 Town Hall
» items
| Scroll of Regeneration | 9 | |
| Ivory Tower | 7 | |
| Scroll of Town Portal | 2 | |
18 total
cuprix (
yellow | 25 APM | 909 actions | 36:56)
4 Blademaster
2 Wind Walk
2 Critical Strike
» actions
| Assign group hotkey | 3 | |
| Basic commands | 7 | |
| Build / train | 50 | |
| Enter build submenu | 24 | |
| Enter hero's abilities submenu | 4 | |
| Remove unit from queue | 1 | |
| Right click | 579 | |
| Select / deselect | 162 | |
| Select group hotkey | 52 | |
| Use ability | 27 | |
909 total
» units
| Peon | 11 | |
| Grunt | 7 | |
| Troll Headhunter/Berserker | 5 | |
| Raider | 6 | |
| Wind Rider | 9 | |
38 total
» upgrades
| Spiked Barricades | 1 | |
| Pillage | 1 | |
| Reinforced Defenses | 1 | |
| Envenomed Spears | 1 | |
4 total
» buildings
| Altar of Storms | 1 | |
| Orc Burrow | 8 | |
| Barracks | 1 | |
| War Mill | 1 | |
| Voodoo Lounge | 1 | |
| Stronghold | 1 | |
| Spirit Lodge | 1 | |
| Beastiary | 1 | |
| Great Hall | 1 | |
| Watch Tower | 4 | |
| Fortress | 1 | |
21 total
» build order
00:08 Altar of Storms
00:42 Orc Burrow
01:00 Barracks
01:49 War Mill
02:12 Orc Burrow
02:55 Voodoo Lounge
03:20 Orc Burrow
04:10 Stronghold
04:29 Orc Burrow
06:50 Spirit Lodge
08:27 Beastiary
08:56 Great Hall
10:00 Orc Burrow
10:10 Watch Tower
11:12 Orc Burrow
11:26 Watch Tower
12:54 Fortress
17:06 Orc Burrow
17:21 Watch Tower
18:16 Orc Burrow
18:54 Watch Tower
pooo (
blue | 24 APM | 223 actions | 09:17)
3 Death Knight
2 Death Coil
1 Unholy Aura
» actions
| Assign group hotkey | 10 | |
| Build / train | 21 | |
| Enter build submenu | 12 | |
| Enter hero's abilities submenu | 3 | |
| Right click | 74 | |
| Select / deselect | 66 | |
| Select group hotkey | 12 | |
| Use ability | 25 | |
223 total
» units
| Acolyte | 3 | |
| Ghoul | 3 | |
| Crypt Fiend | 5 | |
11 total
» upgrades
| Burrow | 1 | |
| Web | 1 | |
| Creature Attack | 1 | |
3 total
» buildings
| Ziggurat | 5 | |
| Graveyard | 1 | |
| Crypt | 2 | |
| Altar of Darkness | 1 | |
| Tomb of Relics | 1 | |
| Halls of the Dead | 1 | |
| Necropolis | 1 | |
12 total
» build order
00:08 Ziggurat
00:12 Graveyard
00:21 Crypt
01:09 Ziggurat
01:30 Altar of Darkness
01:57 Tomb of Relics
02:57 Ziggurat
04:24 Halls of the Dead
05:55 Necropolis
06:02 Crypt
06:11 Ziggurat
08:16 Ziggurat
» items

»
king_of_bogosse (
pink | 37 APM | 1255 actions | 33:44)
7 Death Knight
3 Death Coil
1 Death Pact
2 Unholy Aura
1 Animate Dead
2 Dreadlord
1 Sleep
1 Carrion Swarm
1 Lich
1 Frost Nova
» actions
| Assign group hotkey | 39 | |
| Basic commands | 2 | |
| Build / train | 85 | |
| Enter build submenu | 26 | |
| Enter hero's abilities submenu | 10 | |
| Remove unit from queue | 3 | |
| Right click | 624 | |
| Select / deselect | 304 | |
| Select group hotkey | 109 | |
| Use ability | 53 | |
1255 total
» units
| Acolyte | 28 | |
| Ghoul | 3 | |
| Crypt Fiend | 13 | |
| Goblin Zeppelin | 1 | |
| Frost Wyrm | 14 | |
59 total
» upgrades
| Creature Attack | 2 | |
| Web | 1 | |
| Creature Carapace | 2 | |
5 total
» buildings
| Altar of Darkness | 1 | |
| Crypt | 1 | |
| Ziggurat | 12 | |
| Graveyard | 1 | |
| Tomb of Relics | 1 | |
| Halls of the Dead | 1 | |
| Black Citadel | 2 | |
| Sacrificial Pit | 2 | |
| Boneyard | 4 | |
25 total
» build order
00:22 Altar of Darkness
00:26 Crypt
00:40 Ziggurat
01:05 Graveyard
01:16 Ziggurat
02:04 Tomb of Relics
04:07 Ziggurat
04:35 Halls of the Dead
05:30 Ziggurat
07:15 Black Citadel
07:17 Sacrificial Pit
08:33 Ziggurat
09:41 Black Citadel
09:44 Sacrificial Pit
10:20 Boneyard
10:23 Boneyard
10:25 Ziggurat
10:58 Ziggurat
11:17 Ziggurat
12:31 Boneyard
12:35 Boneyard
14:35 Ziggurat
14:38 Ziggurat
15:56 Ziggurat
15:58 Ziggurat
» items
| Rod of Necromancy | 1 | |
| Scroll of Town Portal | 1 | |
| Orb of Fire | 1 | |
3 total
team 2 (loser)
Britain (
orange | 79 APM | 2900 actions | 36:55)
9 Blood Mage
3 Flame Strike
3 Siphon Mana
3 Banish
1 Archmage
1 Summon Water Elemental
» actions
| Assign group hotkey | 54 | |
| Basic commands | 103 | |
| Build / train | 255 | |
| ESC pressed | 5 | |
| Enter build submenu | 57 | |
| Enter hero's abilities submenu | 10 | |
| Give item / drop item | 1 | |
| Right click | 1041 | |
| Select / deselect | 585 | |
| Select group hotkey | 632 | |
| Use ability | 157 | |
2900 total
» units
| Peasant | 27 | |
| Footman | 12 | |
| Ghoul | 2 | |
| Goblin Shredder | 3 | |
| Goblin Zeppelin | 2 | |
| Sorceress | 2 | |
| Siege Engine | 7 | |
| Knight | 7 | |
| Flying Machine | 15 | |
| Frost Wyrm | 1 | |
| Rifleman | 3 | |
| Goblin Sapper | 4 | |
85 total
» upgrades
| Masonry | 6 | |
| Swords | 4 | |
| Plating | 3 | |
| Defend | 1 | |
| Lumber Harvesting | 2 | |
| Sorceress Training | 2 | |
| Magic Sentry | 1 | |
| Barrage | 1 | |
| Flak Cannons | 1 | |
| Flying Machine Bombs | 1 | |
| Gunpowder | 4 | |
| Animal War Training | 1 | |
| Creature Carapace | 2 | |
| Fragmentation Shards | 1 | |
| Flare | 1 | |
| Armor | 4 | |
| Backpack | 1 | |
| Priest Training | 2 | |
| Long Rifles | 1 | |
| Control Magic | 1 | |
40 total
» buildings
| Altar of Kings | 2 | |
| Barracks | 1 | |
| Farm | 8 | |
| Lumber Mill | 1 | |
| Nerubian Tower | 3 | |
| Tomb of Relics | 1 | |
| Ziggurat | 2 | |
| Scout Tower | 28 | |
| Arcane Vault | 2 | |
| Arcane Tower | 6 | |
| Guard Tower | 39 | |
| Keep | 2 | |
| Blacksmith | 1 | |
| Spirit Tower | 6 | |
| Town Hall | 2 | |
| Castle | 2 | |
| Arcane Sanctum | 1 | |
| Workshop | 3 | |
| Cannon Tower | 1 | |
111 total
» build order
00:04 Altar of Kings
00:06 Barracks
00:10 Altar of Kings
00:15 Farm
01:05 Farm
01:45 Lumber Mill
02:01 Nerubian Tower
02:01 Nerubian Tower
02:06 Tomb of Relics
02:08 Ziggurat
02:37 Farm
02:46 Scout Tower
03:01 Arcane Vault
03:04 Arcane Vault
03:18 Farm
03:19 Arcane Tower
03:24 Scout Tower
03:27 Scout Tower
03:30 Scout Tower
04:20 Guard Tower
04:35 Farm
07:18 Scout Tower
07:31 Keep
07:31 Keep
07:35 Blacksmith
07:51 Arcane Tower
07:52 Arcane Tower
08:41 Spirit Tower
08:42 Ziggurat
09:04 Town Hall
09:06 Scout Tower
09:07 Scout Tower
09:09 Scout Tower
09:12 Scout Tower
09:27 Scout Tower
09:29 Scout Tower
09:31 Scout Tower
09:34 Scout Tower
09:35 Guard Tower
09:35 Guard Tower
09:35 Guard Tower
09:38 Guard Tower
09:38 Guard Tower
09:38 Guard Tower
10:02 Guard Tower
10:02 Guard Tower
10:03 Guard Tower
10:03 Guard Tower
10:03 Guard Tower
10:23 Guard Tower
10:23 Guard Tower
10:26 Spirit Tower
10:27 Spirit Tower
10:58 Scout Tower
11:01 Scout Tower
11:04 Castle
11:07 Arcane Sanctum
11:30 Workshop
12:36 Arcane Tower
12:37 Arcane Tower
13:18 Scout Tower
13:19 Scout Tower
13:20 Scout Tower
13:21 Scout Tower
13:25 Scout Tower
13:48 Guard Tower
13:49 Guard Tower
13:49 Guard Tower
13:49 Guard Tower
13:49 Guard Tower
13:50 Guard Tower
13:55 Guard Tower
13:55 Guard Tower
13:58 Workshop
14:02 Workshop
14:39 Farm
14:40 Farm
14:46 Scout Tower
14:48 Scout Tower
14:50 Scout Tower
14:52 Scout Tower
15:22 Guard Tower
15:22 Guard Tower
16:08 Farm
16:28 Town Hall
18:15 Scout Tower
18:30 Scout Tower
18:32 Scout Tower
18:43 Scout Tower
18:44 Guard Tower
18:44 Guard Tower
19:51 Guard Tower
19:52 Guard Tower
19:58 Spirit Tower
19:58 Spirit Tower
19:59 Spirit Tower
20:18 Guard Tower
25:34 Cannon Tower
» items
| Scroll of Regeneration | 7 | |
| Lesser Clarity Potion | 7 | |
| Scroll of Town Portal | 7 | |
| Ivory Tower | 3 | |
| Orb of Fire | 2 | |
| Potion of Healing | 4 | |
| Potion of Mana | 2 | |
32 total

»
GoD_Hades (
green | 18 APM | 12 actions | 00:39)
» actions
| Build / train | 2 | |
| Enter build submenu | 1 | |
| Right click | 3 | |
| Select / deselect | 6 | |
12 total
» units
TheGameHHH (
teal | 24 APM | 495 actions | 20:52)
2 Archmage
1 Summon Water Elemental
1 Blizzard
1 Death Knight
1 Death Coil
» actions
| Build / train | 46 | |
| Enter build submenu | 19 | |
| Enter hero's abilities submenu | 3 | |
| Remove unit from queue | 2 | |
| Right click | 180 | |
| Select / deselect | 207 | |
| Use ability | 38 | |
495 total
» units
| Peasant | 6 | |
| Footman | 3 | |
| Crypt Fiend | 7 | |
| Rifleman | 8 | |
| Knight | 7 | |
| Frost Wyrm | 3 | |
34 total
» upgrades
» buildings
| Altar of Kings | 1 | |
| Farm | 15 | |
| Barracks | 2 | |
| Lumber Mill | 1 | |
| Blacksmith | 1 | |
| Graveyard | 1 | |
| Keep | 1 | |
| Arcane Vault | 1 | |
| Black Citadel | 1 | |
| Sacrificial Pit | 1 | |
| Castle | 1 | |
| Boneyard | 2 | |
| Ziggurat | 5 | |
33 total
» build order
00:12 Altar of Kings
00:19 Farm
00:24 Farm
00:33 Barracks
02:59 Lumber Mill
03:58 Blacksmith
04:39 Graveyard
04:51 Keep
05:27 Farm
05:29 Farm
06:59 Arcane Vault
07:10 Black Citadel
07:23 Sacrificial Pit
07:41 Castle
08:38 Farm
08:40 Farm
08:44 Farm
09:37 Boneyard
09:39 Boneyard
10:04 Ziggurat
10:06 Ziggurat
10:18 Ziggurat
10:41 Barracks
12:03 Farm
12:04 Farm
12:05 Farm
12:36 Ziggurat
12:37 Ziggurat
14:02 Farm
14:03 Farm
14:05 Farm
17:05 Farm
17:06 Farm
» items
| Orb of Fire | 1 | |
| Scroll of Regeneration | 1 | |
2 total
yurischwed (
purple | 32 APM | 705 actions | 22:06)
3 Mountain King
2 Storm Bolt
1 Bash
2 Death Knight
1 Death Coil
1 Unholy Aura
» actions
| Basic commands | 7 | |
| Build / train | 83 | |
| Enter build submenu | 41 | |
| Enter hero's abilities submenu | 5 | |
| Remove unit from queue | 4 | |
| Right click | 211 | |
| Select / deselect | 300 | |
| Use ability | 54 | |
705 total
» units
| Peasant | 14 | |
| Acolyte | 1 | |
| Ghoul | 2 | |
| Mortar Team | 1 | |
| Crypt Fiend | 1 | |
| Priest | 5 | |
| Sorceress | 5 | |
| Knight | 7 | |
| Siege Engine | 5 | |
| Goblin Shredder | 1 | |
42 total
» upgrades
| Priest Training | 2 | |
| Sorceress Training | 2 | |
| Lumber Harvesting | 1 | |
| Barrage | 1 | |
| Animal War Training | 1 | |
| Swords | 2 | |
| Plating | 3 | |
| Freezing Breath | 1 | |
| Creature Attack | 1 | |
| Creature Carapace | 1 | |
| Gunpowder | 2 | |
17 total
» buildings
| Farm | 16 | |
| Altar of Kings | 1 | |
| Ziggurat | 2 | |
| Altar of Darkness | 1 | |
| Crypt | 1 | |
| Lumber Mill | 1 | |
| Scout Tower | 7 | |
| Nerubian Tower | 1 | |
| Guard Tower | 6 | |
| Halls of the Dead | 1 | |
| Keep | 1 | |
| Blacksmith | 1 | |
| Arcane Sanctum | 1 | |
| Workshop | 1 | |
| Castle | 1 | |
| Barracks | 1 | |
| Town Hall | 1 | |
| Arcane Vault | 1 | |
45 total
» build order
00:22 Farm
00:35 Altar of Kings
00:53 Farm
01:00 Ziggurat
01:04 Altar of Darkness
01:07 Crypt
01:18 Lumber Mill
01:40 Scout Tower
01:50 Farm
02:01 Nerubian Tower
02:26 Scout Tower
02:31 Guard Tower
02:35 Scout Tower
02:46 Scout Tower
02:58 Farm
03:01 Farm
03:05 Farm
03:07 Guard Tower
03:23 Scout Tower
03:24 Guard Tower
03:43 Halls of the Dead
03:51 Farm
03:53 Guard Tower
03:56 Scout Tower
04:14 Keep
04:26 Guard Tower
04:33 Farm
04:40 Scout Tower
04:56 Ziggurat
05:14 Farm
05:16 Guard Tower
05:25 Farm
05:39 Blacksmith
06:54 Arcane Sanctum
07:03 Farm
07:22 Workshop
08:28 Castle
08:32 Farm
09:12 Barracks
09:49 Farm
10:46 Farm
12:03 Farm
12:53 Farm
14:30 Town Hall
14:59 Arcane Vault
» items
| Scroll of Regeneration | 3 | |
| Lesser Clarity Potion | 1 | |
| Mechanical Critter | 1 | |
| Scroll of Town Portal | 1 | |
6 total
Chat log
(00:08 / All) St[a]rSpangled: LOVE HATE LOVEEEEEEE!!11
(00:29 / All) St[a]rSpangled: These boots were made for walking
(00:32 / All) St[a]rSpangled: and that's just what they'll do
(00:34 / Allies) king_of_bogosse: 100 g
(00:36 / Allies) king_of_bogosse: pls
(00:40 / All) St[a]rSpangled: one of these days these boots are gonna walk all over you
(00:42 / Allies) pooo: 2
(00:47 / All) Britain: He asked for 100 gold
(00:50 / All) Britain: I told him to mine it himself
(00:52 / All) Britain: he pinged me and left
(00:55 / All) king_of_bogosse: leave
(01:10 / Allies) king_of_bogosse: 100 ?
(01:16 / All) Britain: Not over yet
(01:30 / Allies) king_of_bogosse: wtf
(02:42 / Allies) pooo: spiders
(06:06 / Allies) St[a]rSpangled: thanks bro
(06:08 / Allies) St[a]rSpangled: you're a life saver
(06:21 / Allies) St[a]rSpangled: could never have creeped them alone
(06:21 / Allies) pooo: go away!
(06:25 / Allies) St[a]rSpangled: level 3 way too overrated
(09:17 / Allies) St[a]rSpangled: or yellow
(09:17 / Allies) St[a]rSpangled: blue can rot for all I care
(11:39 / Allies) king_of_bogosse: gold ?
(18:51 / All) St[a]rSpangled: come get some bitch teal
(19:57 / All) St[a]rSpangled: out scrub
(20:31 / All) St[a]rSpangled: hurry up them zigs lol
(20:45 / All) king_of_bogosse: too easy
(20:48 / All) king_of_bogosse: leave bitch
(21:38 / Allies) St[a]rSpangled: kill the tanks
(21:51 / All) yurischwed: orange nooob fucck
(21:56 / All) yurischwed: fuck noob
(22:02 / All) Britain: lol
(24:00 / Allies) king_of_bogosse: rego
(24:51 / Allies) king_of_bogosse: fast
(25:10 / All) Britain: Time for you to leave, pink
(25:45 / All) king_of_bogosse: son of bitch
(25:51 / All) king_of_bogosse: u play like a fuking niiger
(25:57 / All) Britain: Oh? How so?
(26:21 / All) Britain: lol
(26:24 / All) Britain: nice try
(26:26 / All) king_of_bogosse: damn
(26:30 / All) king_of_bogosse: lucky juif
(26:34 / All) Britain: All skill
(26:53 / Allies) cuprix: wtf
(26:59 / Allies) St[a]rSpangled: Fuck off and leave yellow
(27:16 / Allies) St[a]rSpangled: Unless you want to fight about it, bitch?
(27:21 / Allies) cuprix: pour quoi tu fait sa tu fais chier
(27:30 / All) king_of_bogosse: go
(27:31 / Allies) St[a]rSpangled: Wave the white flag you french faggot
(27:53 / All) Britain: sup
(28:17 / All) Britain: lol
(28:24 / All) Britain: didn't even get the phoenix
(29:08 / All) king_of_bogosse: wtf
(29:11 / All) king_of_bogosse: fuking retard
(29:18 / All) Britain: What's wrong/
(29:26 / All) king_of_bogosse: nice cheater
(29:32 / All) king_of_bogosse: black bastard
(29:47 / All) St[a]rSpangled: You ain't leave tea'ls base alive, yellow
(30:08 / All) Britain: What do you hate about niggers, pink?
(30:41 / All) Britain: i got 5k to rebuild, what about you?
(31:08 / All) Britain: hahaha
(31:23 / Allies) king_of_bogosse: wtf
(31:25 / Allies) king_of_bogosse: why
(31:45 / All) St[a]rSpangled: Orange and I have been working in collusion before the game even began
(31:59 / All) Britain: no freebies
(32:14 / All) Britain: Level 10!
(32:15 / All) Britain: Thanks
(32:17 / Allies) cuprix: pour quoi tu ma tuer osti de trous duc acose té trop gay pour aller tu té vrais énemi
(32:45 / All) Britain: Want me to pause so you can find the Exit Game button?
(32:46 / All) Britain: Ok?
(33:52 / All) Britain: He was a funny man
(34:08 / All) Britain: Yellow is still here?
(34:13 / All) St[a]rSpangled: yep
(34:17 / All) St[a]rSpangled: cussing in french
(34:22 / All) Britain: lol
(34:30 / All) Britain: What a cinaede and pathice
(36:34 / All) St[a]rSpangled: attack move doesn't work well in that situation
(36:44 / All) Britain: I was microing them on buildings
(36:53 / All) Britain: annoying with that amount of aoe though